 Dungeon Crawl Stone Soup version 0.27.1-37-g7b29ead8ac (console) character file.

Game seed: 3776943346896772544

35 grimtooth the Sneak (level 3, 0/17 HPs)
             Began as a Felid Delver on Dec 3, 2023.
             Succumbed to an adder's poison
             ... on level 2 of the Dungeon.
             The game lasted 00:06:00 (1981 turns).

grimtooth the Sneak (Felid Delver)                  Turns: 1981, Time: 00:06:01

Health: 0/17       AC:  1    Str:  8    XL:     3   Next: 16%
Magic:  4/4        EV: 21    Int: 12    God:
Gold:   66         SH:  0    Dex: 17    Spells: 2/2 levels left
                                        Lives:  0   Deaths: 0

rFire    . . .     SeeInvis +     - Unarmed
rCold    . . .     Faith    .   (shield unavailable)
rNeg     . . .     Spirit   .   (armour unavailable)
rPois    .         Reflect  .   (helmet unavailable)
rElec    .         Harm     .   (cloak unavailable)
rCorr    .         Rampage  .   (gloves unavailable)
Will     .....                  (boots unavailable)
Stlth    ++++......             (no amulet)
HPRegen  0.05/turn              j - +4 ring of evasion
MPRegen  0.09/turn              (no ring)

@: lethally poisoned (0 -> -5), flying, quick
A: very small, claws 1, fangs 3, see invisible, speed 1, shaggy fur 1, stealthy
paws, no weapons or thrown items, no armour, multi-lived
a: no special abilities


You were on level 2 of the Dungeon.
You visited 1 branch of the dungeon, and saw 5 of its levels.

You collected 66 gold pieces.

Inventory:

Jewellery
 j - a +4 ring of evasion (left paw)
Wands
 e - a wand of digging (3)
Scrolls
 a - a scroll of fog
 b - a scroll of magic mapping
 c - a scroll of fear
 f - 2 scrolls of enchant weapon {unknown}
 g - a scroll of teleportation {unknown}
 k - a scroll of enchant armour {unknown}
Potions
 d - a potion of haste
 h - a potion of flight
 i - a potion of heal wounds {unknown}


   Skills:
 - Level 3.0 Fighting
 - Level 2.6 Dodging
 + Level 7.1 Stealth
 * Level 3.2 Unarmed Combat


You had 2 spell levels left.
You didn't know any spells.
Your spell library contained the following spells:

 Spells                   Type           Power      Damage    Failure   Level
 Summon Small Mammal      Summ           0%         N/A       32%         1
 Static Discharge         Conj/Air       0%         N/A       45%         2
 Call Canine Familiar     Summ           0%         N/A       69%         3
 Summon Guardian Golem    Hex/Summ       0%         N/A       69%         3
 Dispel Undead            Necr           0%         3d6       97%         4
 Sticky Flame             Conj/Fire      0%         2d3       97%         4
 Summon Forest            Summ/Tloc      0%         N/A       100%        5
 Summon Mana Viper        Hex/Summ       0%         N/A       100%        5
 Shadow Creatures         Summ           N/A        N/A       100%        6


Dungeon Overview and Level Annotations

Branches:
Dungeon (5/15)
 Temple: D:4-7

Altars:
Gozag
Nemelex Xobeh

Annotations:
D:4 exclusions: adder and oklob sapling
D:5 exclusion: ogre


Innate Abilities, Weirdness & Mutations

You have sharp claws.
You have razor-sharp teeth.
You have supernaturally acute eyesight. (SInv)
You cover ground quickly. (Speed+)
You are covered in fur. (AC +1)
Your paws help you pounce on unaware monsters.
You are incapable of wielding weapons or throwing items.
You cannot wear armour.
You gain extra lives every three experience levels.


Message History

The adder bites you but does no damage. The adder bites you.
You are poisoned.
The adder poisons you!
You completely miss the adder. Your bite misses the adder.
The adder is heavily wounded.
You feel sick. The adder closely misses you.
You miss the adder.
The adder is heavily wounded.
You feel sick. The adder completely misses you.
You scratch the adder.
The adder is severely wounded.
You feel sick. The adder barely misses you.
You barely miss the adder.
The adder is severely wounded.
You feel sick. The adder completely misses you.
You completely miss the adder.
The adder is severely wounded.
You feel sick. The adder misses you. The adder closely misses you.
You scratch the adder but do no damage.
The adder is severely wounded.
You feel sick.
You are no longer poisoned.
The adder misses you.
You barely miss the adder.
The adder is severely wounded.
The adder misses you.
You scratch the adder but do no damage.
The adder is severely wounded.
The adder completely misses you. The adder bites you.
* * * LOW HITPOINT WARNING * * *
You scratch the adder but do no damage. Your bite misses the adder.
The adder is severely wounded.
The adder bites you.
* * * LOW HITPOINT WARNING * * *
You are lethally poisoned!
The adder poisons you!
It was a potion of flight.
You feel very buoyant.
You fly up into the air.
You die...

##.#.# .. .......##.###
..#....#.....
..........#.###########
..........#.....@.....#
.......#..#.##..S.###.#
#...................#
#.............###.#
#.............# #
#>............... .#
#.#######.....### #.#
#.# #.....# ..# #.#
#.....# ..# #.# .....##
.. #.# ...#


You could see an adder.

Vanquished Creatures
  2 dart slugs (D:1)
  2 giant cockroaches (D:1)
  2 goblins
  6 hobgoblins (D:1)
  A quokka (D:1)
  4 ball pythons (D:1)
  2 bats (D:1)
  2 kobolds (D:1)
  13 rats (D:1)
34 creatures vanquished.

Notes
Turn   | Place    | Note
-------+----------+-------------------------------------------
     0 | D:5      | grimtooth the Felid Delver began the quest for the Orb.
     0 | D:5      | Reached XP level 1. HP: 10/10 MP: 2/2
    82 | D:5      | Noticed an ogre
   160 | D:4      | Noticed an oklob sapling
   207 | D:4      | Found a sparkling altar of Nemelex Xobeh.
   207 | D:4      | Found an opulent altar of Gozag.
   207 | D:4      | Noticed an orc wizard
   207 | D:4      | Noticed an orc priest
   764 | D:1      | Reached XP level 2. HP: 14/14 MP: 3/3
  1314 | D:1      | Reached skill level 7 in Stealth
  1709 | D:1      | Reached XP level 3. HP: 17/17 MP: 4/4
  1833 | D:1      | Found a faded altar of an unknown god.
  1981 | D:2      | Succumbed to an adder's poison

Illustrated notes

Levels and vault maps discovered:
D:1:      dpeg_arrival_lava_temple_mockup, layout_loops_ring,
          shapermc_ecumenical_altar_petra, minmay_rat_gold_closets
D:2:      layout_basic, serial_shops, shop
D:3:      minmay_wonky_spiral, layout_loops_ring, uniq_natasha
D:4:      layout_basic, grunt_temple_overflow_opulence,
          minmay_temple_entry_oklob, serial_park_tiny_pond, uniq_blork_the_orc,
          uniq_sigmund
D:5:      layout_loops_corners, mainiacjoe_overflow_six_doors_small,
          gammafunk_ghost_icy

Skill      XL: |  1  2 |
---------------+-------+-----
Stealth        | 7 |  7.1
Unarmed Combat | 3 |  3.2
Fighting       | |  3.0
Dodging        | |  2.6

Action                   || total
-------------------------++-------
Melee: Unarmed           ||    82
       Bite              ||     5
       Punch             ||     1
  Use: Potion            ||     1
 Stab: Sleeping          ||    16
       Distracted        ||     1
Armor: Skin              ||     6
Dodge: Dodged            ||    52
